 Dungeon Crawl Stone Soup version 0.17.1-3-g152610e (webtiles) character file.

6258 juanjsm the Covert (level 10, -20/49 HPs)
             Began as a Spriggan Enchanter on Mar 15, 2016.
             Was a Believer of Ashenzari.
             Killed from afar by a gargoyle (28 damage)
             ... with a stone arrow
             ... on level 10 of the Dungeon.
             The game lasted 01:39:27 (9145 turns).

juanjsm the Covert (Spriggan Enchanter)             Turns: 9145, Time: 01:39:28

Health: -20/49     AC:  4    Str:  4    XL:     10   Next: 62%
Magic:  0/32       EV: 24    Int: 21    God:    Ashenzari [**....]
Gold:   320        SH:  7    Dex: 16    Spells: 6 memorised, 12 levels left

rFire  . . .     SeeInvis +     i - +0 dagger (vamp) (curse)
rCold  . . .     Clarity  .     b - +2 robe (curse)
rNeg   . . .     SustAt   .     x - +1 buckler (curse)
rPois  .         Gourm    .     (helmet restricted)
rElec  .         Spirit   .     (no cloak)
rCorr  .         Warding  .     (gloves unavailable)
rMut   +         Stasis   .     (boots unavailable)
MR     +....                    l - amulet of resist mutation
Stlth  +++++++...               w - ring of magical power
                                k - ring of stealth (curse)

@: very slightly contaminated, very quick, somewhat resistant to hostile
enchantments, extremely stealthy
A: unfitting armour, see invisible, herbivore 3, speed 3, slow metabolism 2
a: Scrying, Renounce Religion


You were on level 10 of the Dungeon.
You worshipped Ashenzari.
Ashenzari was pleased with you.
You were not hungry.

You visited 2 branches of the dungeon, and saw 11 of its levels.

You collected 635 gold pieces.
You spent 315 gold pieces at shops.

Inventory:

Hand Weapons
 a - a +1 dagger
 h - a +0 spear of piercing
 i - a cursed +0 vampiric dagger (weapon)
 t - a cursed -3 mace
 A - a +3 dagger of distortion
Armour
 b - a cursed +2 robe (worn)
 x - a cursed +1 buckler (worn)
Jewellery
 k - a cursed ring of stealth (left hand)
 l - an amulet of resist mutation (around neck)
 w - a ring of magical power (right hand)
 y - an uncursed ring of magical power
Wands
 s - a wand of teleportation (6)
 u - a wand of cold (5)
 B - a wand of cold (10)
 C - a wand of confusion (16)
Scrolls
 f - a scroll of amnesia
 j - 2 scrolls of fog
 m - 3 scrolls of teleportation
 o - a scroll of blinking
 z - a scroll of immolation
 D - 2 scrolls of curse armour
 E - 3 scrolls of curse weapon
Potions
 e - a potion of haste
 g - 3 potions of curing
 n - a potion of might
 q - 3 potions of lignification
 r - 2 potions of invisibility
 v - a potion of brilliance
Books
 c - a book of Maledictions

   Spells                             Type                      Level
   a - Corona                         Hexes                        1
   b - Ensorcelled Hibernation        Hexes/Ice                    2
   c - Confuse                        Hexes                        3
   d - Tukima's Dance                 Hexes                        3
   e - Dazzling Spray                 Conjuration/Hexes            3
 H - a book of Cantrips

   Spells                             Type                      Level
   a - Corona                         Hexes                        1
   b - Animate Skeleton               Necromancy                   1
   c - Summon Small Mammal            Summoning                    1
   d - Apportation                    Translocation                1
 I - a book of Hinderance

   Spells                             Type                      Level
   a - Confusing Touch                Hexes                        2
   b - Confuse                        Hexes                        3
   c - Gell's Gravitas                Hexes/Translocation          3
   d - Petrify                        Transmutation/Earth          4
   e - Metabolic Englaciation         Hexes/Ice                    5
Comestibles
 d - 6 bread rations
 p - 24 fruits
 G - 4 slices of pizza


   Skills:
 * Level 4.0 Fighting
 * Level 6.4(8.7) Short Blades
 * Level 10.0 Dodging
 + Level 13.5 Stealth
 + Level 0.5(1.2) Shields
 * Level 8.3 Spellcasting
 + Level 1.3 Conjurations
 + Level 7.6 Hexes
 - Level 0.2 Ice Magic
 + Level 0.3 Evocations


You had 12 spell levels left.
You knew the following spells:

 Your Spells              Type           Power        Failure   Level  Hunger
a - Corona                Hex            #####..      1%          1    None
b - Ensorcelled Hibernat  Hex/Ice        ####..       3%          2    None
c - Confuse               Hex            #####...     1%          3    None
d - Dazzling Spray        Conj/Hex       ####....     6%          3    None
e - Gell's Gravitas       Hex/Tloc       ###.......   10%         3    None
f - Apportation           Tloc           #.........   12%         1    None


Dungeon Overview and Level Annotations

Branches:
Dungeon (10/15)            Temple (1/1) D:4             Orc (0/4) D:9
   Lair: D:8-11

Altars:
Ashenzari
Cheibriados
Dithmenos
Elyvilon
Fedhas
Makhleb
Okawaru
Qazlal
Ru
Sif Muna
Xom
Yredelemnul

Shops:
D:9 %?

Annotations:
D:4 Natasha


Innate Abilities, Weirdness & Mutations

You are tiny and cannot use many weapons and most armour.
You have supernaturally acute eyesight.
You are a herbivore.
You cover ground extremely quickly.
You need consume almost no food.


Message History

The gargoyle is lightly damaged.
The gargoyle misses you.
You hit the gargoyle but do no damage.
The gargoyle is lightly damaged.
You hit the gargoyle but do no damage.
The gargoyle is lightly damaged.
The gargoyle hits you with a flail!
* * * LOW HITPOINT WARNING * * *
Casting: Corona
Confirm with . or Enter, or press ? or * to list all spells.
Aiming: Dazzling Spray
Press: ? - help, Shift-Dir - straight line, f/p - gargoyle
Aim: a gargoyle, wielding a flail (lightly damaged)
The spray of energy hits the gargoyle.
The gargoyle is heavily damaged.
The gargoyle completely misses you.
The gargoyle hurls a stone arrow at you.
The stone arrow hits you!
Ouch! That really hurt!
You die...

, * ............
.....###### ............
, .......... ............
, * #........
............ *
,#.......########.......
,,#.......#......#.....).
#.......#......#....... *
, #.......#......########
* #@.#.....)........ ,
,#..#.......).....# , **
, #..#....########.# , ,,
#.9#....#......'.# ,
#..#....#......#.# , ,,
#..#....#......#.# * ,
#..#....#.....##.# ,,
#..#....#.....#..# ,
,#..#....#######..#


You could see a gargoyle.

Vanquished Creatures
  Psyche (D:9)
  A troll (D:10)
  3 yaks (D:10)
  A wraith (D:8)
  Eustachio (D:5)
  A deep elf fighter (D:5)
  2 hippogriffs
  2 hungry ghosts (D:10)
  A mottled dragon (D:10)
  2 sky beasts
  3 ice beasts
  2 ogres
  A water moccasin (D:8)
  2 phantoms
  5 orc warriors
  3 black bears
  4 centaurs
  A big kobold (D:7)
  2 gnoll sergeants (D:5)
  3 giant frogs
  A water moccasin skeleton (D:9)
  A scorpion (D:10)
  7 killer bees
  A giant frog zombie (D:8)
  2 quasits
  A jelly (D:9)
  4 centaur skeletons
  6 hounds
  5 orc priests
  3 worker ants
  Natasha (D:4)
  7 orc wizards
  2 iguanas
  A hound zombie (D:10)
  2 hound skeletons
  16 adders
  3 shadow imps
  2 adder skeletons
  3 worms
  7 giant geckos
  31 orcs
  6 giant cockroaches
  9 goblins
  10 hobgoblins
  8 jackals
  7 quokkas
  2 ball pythons
  10 bats
  A giant gecko skeleton (D:4)
  6 giant newts
  A jackal zombie (D:5)
  12 kobolds
  2 quokka skeletons
  10 rats
231 creatures vanquished.

Vanquished Creatures (others)
  3 kobolds (D:7)
3 creatures vanquished.

Grand Total: 234 creatures vanquished

Notes
Turn   | Place    | Note
--------------------------------------------------------------
     0 | D:1      | juanjsm the Spriggan Enchanter began the quest for the Orb.
     0 | D:1      | Reached XP level 1. HP: 9/9 MP: 5/5
   140 | D:1      | Reached XP level 2. HP: 13/13 MP: 6/6
   161 | D:1      | Learned a level 2 spell: Ensorcelled Hibernation
   244 | D:1      | Reached skill level 5 in Stealth
   652 | D:2      | Reached XP level 3. HP: 12/16 MP: 5/8
   832 | D:2      | Reached XP level 4. HP: 18/21 MP: 0/9
   837 | D:2      | Learned a level 3 spell: Confuse
  1198 | D:3      | Reached skill level 6 in Stealth
  1453 | D:3      | Reached XP level 5. HP: 24/24 MP: 3/10
  1464 | D:3      | Learned a level 3 spell: Dazzling Spray
  1872 | D:4      | Noticed Natasha
  1890 | D:4      | Killed Natasha
  1962 | D:4      | Found an iron altar of Okawaru.
  1971 | D:4      | Reached skill level 5 in Dodging
  2044 | D:4      | Noticed Natasha
  2159 | D:4      | Found a staircase to the Ecumenical Temple.
  2168 | Temple   | Entered the Ecumenical Temple
  2254 | Temple   | Became a worshipper of Ashenzari the Shackled
  2436 | D:5      | Entered Level 5 of the Dungeon
  2472 | D:5      | Reached skill level 7 in Stealth
  2487 | D:5      | Noticed an ice beast
  2515 | D:5      | Killed an ice beast
  2515 | D:5      | Reached XP level 6. HP: 29/29 MP: 0/12
  2757 | D:5      | Noticed a sky beast
  2774 | D:5      | Noticed Eustachio
  2827 | D:5      | Noticed a deep elf fighter
  2977 | D:5      | Found a sacrificial altar of Ru.
  3152 | D:5      | Reached skill level 8 in Stealth
  3198 | D:5      | Noticed an ogre
  3200 | D:5      | Killed an ogre
  3200 | D:5      | Reached XP level 7. HP: 32/32 MP: 10/14
  3297 | D:5      | Killed a deep elf fighter
  3302 | D:5      | Noticed an ogre
  3380 | D:5      | Reached skill level 9 in Stealth
  3422 | D:5      | Noticed an orc warrior
  3445 | D:5      | Killed Eustachio
  3445 | D:5      | Reached skill level 1 in Fighting
  3449 | D:5      | Reached skill level 10 in Stealth
  3460 | D:5      | Killed a sky beast
  3460 | D:5      | Reached skill level 5 in Hexes
  3460 | D:5      | Reached XP level 8. HP: 32/37 MP: 11/15
  3468 | D:5      | Killed an orc warrior
  3776 | D:6      | Reached skill level 11 in Stealth
  4117 | D:6      | Reached skill level 5 in Spellcasting
  4692 | D:7      | Reached XP level 9. HP: 40/42 MP: 18/18
  4882 | D:7      | You fall through a shaft for 3 floors!
  4882 | D:10     | Entered Level 10 of the Dungeon
  4896 | D:10     | Noticed a centaur skeleton
  4959 | D:10     | Reached * piety under Ashenzari
  5325 | D:8      | Reached skill level 12 in Stealth
  6124 | D:8      | Reached skill level 5 in Short Blades
  6440 | D:8      | Found a shimmering altar of Xom.
  6440 | D:8      | Found a basalt altar of Yredelemnul.
  6440 | D:8      | Found a stormy altar of Qazlal.
  6455 | D:8      | Reached skill level 1 in Conjurations
  6839 | D:8      | Found a deep blue altar of Sif Muna.
  7108 | D:9      | Noticed Psyche
  7109 | D:9      | Killed Psyche
  7141 | D:9      | Reached XP level 10. HP: 49/49 MP: 18/21
  7230 | D:9      | Found Komyman's Food Boutique.
  7236 | D:9      | Bought a slice of pizza for 21 gold pieces
  7236 | D:9      | Bought a slice of pizza for 21 gold pieces
  7236 | D:9      | Bought 2 fruits for 42 gold pieces
  7236 | D:9      | Bought a fruit for 21 gold pieces
  7238 | D:9      | Bought a bread ration for 70 gold pieces
  7238 | D:9      | Bought a bread ration for 70 gold pieces
  7238 | D:9      | Bought a bread ration for 70 gold pieces
  7342 | D:9      | Reached skill level 13 in Stealth
  7365 | D:9      | Found Keosing's Magic Scroll Shop.
  7394 | D:9      | Found a blossoming altar of Fedhas.
  7614 | D:9      | Learned a level 3 spell: Gell's Gravitas
  7625 | D:9      | Found a staircase to the Orcish Mines.
  8242 | D:10     | Killed a centaur skeleton
  8362 | D:10     | Reached ** piety under Ashenzari
  8368 | D:10     | Noticed a gargoyle
  8653 | D:10     | Learned a level 1 spell: Apportation
  8926 | D:10     | Reached skill level 10 in Dodging
  9087 | D:10     | Noticed a hill giant
  9145 | D:10     | Killed from afar by a gargoyle

Action                   |  1- 3 |  4- 6 |  7- 9 | 10-12 || total
-------------------------+-------+-------+-------+-------++-------
Melee: Dagger            |    73 |   172 |   200 |   111 ||   556
 Cast: Corona            |     5 |     3 |     1 |     3 ||    12
       Ensorcelled Hiber |    14 |    21 |    37 |    33 ||   105
       Confuse           |       |    11 |    25 |    21 ||    57
       Dazzling Spray    |       |     1 |    23 |    22 ||    46
       Gell's Gravitas   |       |       |       |     1 ||     1
Evoke: Wand              |       |       |       |     2 ||     2
  Use: Scroll            |     2 |     7 |     9 |     6 ||    24
       Potion            |       |       |     6 |     1 ||     7
 Stab: Sleeping          |    15 |    36 |    35 |    23 ||   109
       Distracted        |     2 |       |     3 |     1 ||     6
       Confused          |       |     6 |    11 |    11 ||    28
       Invisible         |       |       |    13 |     1 ||    14
  Eat: Fruit             |       |     3 |     2 |       ||     5
       Royal jelly       |       |       |     2 |     1 ||     3
